Canadiens vs RedWings

Created - January-15-14 at 17:53

Goals
1 2 3 T
Canadiens 1 2 0 3
RedWings 0 1 0 1
Shots
1 2 3 T
Canadiens 13 10 9 32
RedWings 3 11 6 20

1st period

1. Canadiens , Jonathan Toews 27 (Corey Perry, Matt Moulson) at 13:23

Penalties :
Nate Thompson (DET) for Hooking (Minor) at 13:36

2nd period

2. Canadiens , Pavel Datsyuk 19 (T.J. Brennan) at 0:22
3. RedWings , Alexandre Burrows 13 (Andrew Cogliano, Eric Brewer) at 2:37
4. Canadiens , Dave Bolland 4 (Joffrey Lupul, Travis Hamonic) at 15:52

Penalties :
Ondrej Palat (DET) for Holding (Minor) at 13:51, Keith Yandle (DET) for Hooking (Minor) at 17:11

3rd period

No Goal

Penalties :
Eric Nystrom (MTL) for Roughing (Minor) at 2:51, Eric Gryba (DET) for Slashing (Minor) at 10:07

Goalie Stats

Craig Anderson (MTL), 19 saves from 20 shots - (0.950), W, 19-12-4, 60:00 minutes
Thomas Greiss (DET), 29 saves from 32 shots - (0.906), L, 7-12-4, 60:00 minutes

Players Stats for Canadiens

Player Name              G  A  P  +/- PIM S  H  SB GA TA FO     MP     PP MP  PK MP  
------------------------------------------------------------------------------------
Brooks Orpik             0  0  0  -1  0   0  6  2  0  0  0/0    22:34   3:57   0:56 
Corey Perry              0  1  1   0  0   3  3  0  0  0  0/2    19:29   4:00   0:00 
Dave Bolland             1  0  1   1  0   3  0  0  0  0  9/12   13:12   0:00   0:46 
Eric Nystrom             0  0  0   1  2   0  0  0  0  0  1/1    12:25   0:00   0:00 
Joffrey Lupul            0  1  1   1  0   2  2  0  0  0  0/1    20:14   3:56   1:23 
John Mitchell            0  0  0   0  0   0  2  0  0  0  3/5     7:15   0:00   0:00 
Jonathan Toews           1  0  1   0  0   3  0  0  0  0  13/25  20:42   4:00   1:13 
Jordan Eberle            0  0  0   1  0   3  0  0  0  0  3/3    18:51   3:56   0:00 
Mark Fistric             0  0  0   1  0   1  2  0  0  0  0/0    16:02   0:00   0:36 
Mason Raymond            0  0  0   1  0   1  0  0  0  0  0/1    12:26   0:00   0:00 
Matt Moulson             0  1  1   0  0   2  1  0  0  0  0/1    19:29   4:00   0:00 
Michal Rozsival          0  0  0   2  0   2  3  4  0  0  0/0    22:00   3:59   1:03 
Mike Weber               0  0  0   1  0   2  0  1  0  0  0/0    16:12   0:00   0:46 
Pavel Datsyuk            1  0  1   1  0   7  0  0  0  0  12/21  19:27   3:56   0:36 
Sven Baertschi           0  0  0   0  0   1  0  0  0  0  0/1     7:15   0:00   0:00 
T.J. Brennan             0  1  1   2  0   1  2  2  0  0  0/0    20:57   3:59   0:00 
Taylor Pyatt             0  0  0   0  0   1  0  0  0  0  0/1     7:15   0:00   0:00 
Travis Hamonic           0  1  1  -1  0   0  2  3  0  0  0/0    22:15   3:57   0:37 

Players Stats for RedWings

Player Name              G  A  P  +/- PIM S  H  SB GA TA FO     MP     PP MP  PK MP  
------------------------------------------------------------------------------------
Alexandre Burrows        1  0  1   0  0   2  4  1  0  0  1/4    22:22   0:46   2:44 
Andrew Cogliano          0  1  1   0  0   3  2  0  0  0  10/19  19:35   0:43   0:00 
Brian Campbell           0  0  0  -2  0   5  1  2  0  0  0/0    26:18   1:13   3:48 
Casey Cizikas            0  0  0   0  0   1  0  0  0  0  5/13   12:51   1:16   1:39 
Chris Summers            0  0  0  -1  0   0  0  1  0  0  0/0    13:29   0:00   0:09 
Eric Brewer              0  1  1   1  0   0  0  1  0  0  0/0    20:13   0:46   3:59 
Eric Gryba               0  0  0  -1  2   1  1  1  0  0  0/0    14:11   0:00   0:52 
Frazer McLaren           0  0  0  -1  0   0  4  0  0  0  0/0     5:58   0:40   1:12 
Jared Spurgeon           0  0  0   1  0   1  1  0  0  0  0/0    20:39   0:46   4:25 
Joe Thornton             0  0  0  -1  0   0  0  1  0  0  3/8     7:45   0:00   0:30 
Keith Yandle             0  0  0  -2  2   2  0  1  0  0  0/0    19:13   1:13   2:39 
Mark Fraser              0  0  0   0  0   0  0  1  0  0  0/0     5:55   0:00   0:00 
Nate Thompson            0  0  0   0  2   0  1  0  0  0  5/9    15:03   1:13   3:55 
Ondrej Palat             0  0  0  -1  2   0  0  0  0  0  1/1    17:10   0:00   0:00 
Ray Whitney              0  0  0  -1  0   1  0  0  0  0  0/1    23:36   0:33   5:52 
Sergei Kostitsyn         0  0  0   0  0   1  0  0  0  0  0/4    19:38   0:46   0:00 
Taylor Beck              0  0  0  -1  0   0  0  0  0  0  0/0    14:02   0:00   0:00 
Tyler Toffoli            0  0  0  -1  0   3  0  0  0  0  8/15   14:02   0:00   0:00 

3 Stars

1 - Alexandre Burrows (DET)
2 - Craig Anderson (MTL)
3 - T.J. Brennan (MTL)

Power Play

Canadiens - 0 on 4 Attempt(s) - 0.00%
RedWings - 0 on 1 Attempt(s) - 0.00%

Penalty Kill

Canadiens - 1 on 1 Attempt(s) - 100.00% - Score 0 goal in Penalty Kill
RedWings - 4 on 4 Attempt(s) - 100.00% - Score 0 goal in Penalty Kill

Official

Referees : Dave Jackson and Ghislain Hebert
Linesman : Brad Kovachik and Jay Sharrers

Game Notes

Joe Thornton is injured at 4:07 of 2nd period (Bruised Right Shoulder)

Finance

Level 1 -- Attendance: 6195 (95.31%) -- Ticket Income $464,625
Level 2 -- Attendance: 4929 (98.58%) -- Ticket Income $246,450
Level 3 -- Attendance: 3500 (100.00%) -- Ticket Income $105,000
Level 4 -- Attendance: 3184 (78.31%) -- Ticket Income $63,680
Luxury Box -- Attendance: 923 (92.30%) -- Ticket Income $138,450
Game was played at the Joe Louis Arena
Total Attendance: 18731 (93.35%)
Total Ticket Income: $1,018,205
Other Income: $152,731
Total Income: $1,170,936


% Time on Ice - Canadiens

Lines # - Real PCT - Wanted PCT - Time Play
Normal Forward
1 - 31% - 33% - 15:29
2 - 30% - 32% - 14:55
3 - 25% - 22% - 12:26
4 - 14% - 13% - 7:15
Normal Defense
1 - 34% - 37% - 16:58
2 - 35% - 36% - 17:41
3 - 16% - 14% - 8:08
4 - 15% - 13% - 7:18
PP Forward
1 - 50% - 51% - 4:00
2 - 50% - 49% - 3:56
PP Defense
1 - 50% - 50% - 3:59
2 - 50% - 50% - 3:57
PK Forward
1 - 100% - 60% - 1:59
2 - 0% - 40% - 0:00
PK Defense
1 - 47% - 60% - 0:56
2 - 53% - 40% - 1:03
PK3 Forward
1 - 0% - 60%
2 - 0% - 40%
PK3 Defense
1 - 0% - 60%
2 - 0% - 40%
44 Forward
1 - 0% - 60%
2 - 0% - 40%
44 Defense
1 - 0% - 60%
2 - 0% - 40%
Last Minute Offensive  - 0:00
Last Minute Defensive  - 0:00
Total
Forward - 60:00
Defense - 60:00

% Time on Ice - RedWings

Lines # - Real PCT - Wanted PCT - Time Play
Normal Forward
1 - 34% - 45% - 17:11
2 - 38% - 35% - 18:52
3 - 20% - 15% - 9:56
4 - 8% - 5% - 4:06
Normal Defense
1 - 31% - 40% - 15:22
2 - 31% - 30% - 15:28
3 - 12% - 20% - 5:55
4 - 27% - 10% - 13:20
PP Forward
1 - 72% - 60% - 1:26
2 - 28% - 40% - 0:33
PP Defense
1 - 61% - 60% - 1:13
2 - 39% - 40% - 0:46
PK Forward
1 - 87% - 60% - 6:52
2 - 13% - 40% - 1:04
PK Defense
1 - 50% - 60% - 3:57
2 - 50% - 40% - 3:59
PK3 Forward
1 - 0% - 60%
2 - 0% - 40%
PK3 Defense
1 - 0% - 60%
2 - 0% - 40%
44 Forward
1 - 0% - 60%
2 - 0% - 40%
44 Defense
1 - 0% - 60%
2 - 0% - 40%
Last Minute Offensive  - 0:00
Last Minute Defensive  - 0:00
Total
Forward - 60:00
Defense - 60:00

Play by Play

1st period


0:01 of 1st period - Joe Thornton wins face-off versus Corey Perry in neutral zone.
0:28 of 1st period - Shot by Ray Whitney.
0:28 of 1st period - Shot Blocked by Michal Rozsival.
0:30 of 1st period - Shot by Keith Yandle.
0:30 of 1st period - Stopped by Craig Anderson without a rebound.
0:31 of 1st period - Andrew Cogliano wins face-off versus Pavel Datsyuk in Canadiens zone.
0:31 of 1st period - Andrew Cogliano is hit by Brooks Orpik.
0:33 of 1st period - Shot by Alexandre Burrows.
0:33 of 1st period - Shot Blocked by Travis Hamonic.
0:43 of 1st period - Shot by Jordan Eberle.
0:43 of 1st period - Shot Misses the Net.
0:45 of 1st period - Shot by Pavel Datsyuk.
0:45 of 1st period - Shot Misses the Net.
0:51 of 1st period - Shot by Pavel Datsyuk.
0:51 of 1st period - Shot Misses the Net.
0:57 of 1st period - Shot by Jordan Eberle.
0:57 of 1st period - Stopped by Thomas Greiss without a rebound.
0:58 of 1st period - Casey Cizikas wins face-off versus Mason Raymond in RedWings zone.
1:29 of 1st period - Shot by Mason Raymond.
1:29 of 1st period - Shot Misses the Net.
1:55 of 1st period - Shot by Sven Baertschi.
1:55 of 1st period - Stopped by Thomas Greiss with a rebound.
2:28 of 1st period - Off-side.
2:29 of 1st period - Pavel Datsyuk wins face-off versus Alexandre Burrows in neutral zone.
2:29 of 1st period - Pavel Datsyuk is hit by Alexandre Burrows.
3:36 of 1st period - Ray Whitney is hit by Corey Perry and loses puck.
3:52 of 1st period - Shot by Matt Moulson.
3:52 of 1st period - Shot Misses the Net.
5:02 of 1st period - Taylor Pyatt is hit by Frazer McLaren and loses puck.
5:21 of 1st period - Shot by John Mitchell.
5:21 of 1st period - Shot Misses the Net.
6:03 of 1st period - Shot by Joe Thornton.
6:03 of 1st period - Shot Blocked by T.J. Brennan.
6:46 of 1st period - Shot by Corey Perry.
6:46 of 1st period - Stopped by Thomas Greiss with a rebound.
6:54 of 1st period - Shot by Corey Perry.
6:54 of 1st period - Shot Blocked by Keith Yandle.
6:56 of 1st period - Shot by Matt Moulson.
6:56 of 1st period - Shot Misses the Net.
7:16 of 1st period - Icing by Mike Weber.
7:17 of 1st period - Jonathan Toews wins face-off versus Andrew Cogliano in Canadiens zone.
7:30 of 1st period - Icing by Eric Gryba.
7:31 of 1st period - Andrew Cogliano wins face-off versus Joffrey Lupul in RedWings zone.
7:47 of 1st period - Shot by Pavel Datsyuk.
7:47 of 1st period - Stopped by Thomas Greiss with a rebound.
8:01 of 1st period - Shot by Joffrey Lupul.
8:01 of 1st period - Stopped by Thomas Greiss without a rebound.
8:02 of 1st period - Dave Bolland wins face-off versus Joe Thornton in RedWings zone.
8:59 of 1st period - Shot by Jonathan Toews.
8:59 of 1st period - Shot Blocked by Brian Campbell.
9:01 of 1st period - Shot by Mike Weber.
9:01 of 1st period - Shot Misses the Net.
9:03 of 1st period - Shot by Mike Weber.
9:03 of 1st period - Shot Misses the Net.
9:05 of 1st period - Shot by Mike Weber.
9:05 of 1st period - Stopped by Thomas Greiss with a rebound.
9:07 of 1st period - Shot by Jonathan Toews.
9:07 of 1st period - Stopped by Thomas Greiss without a rebound.
9:08 of 1st period - Jordan Eberle wins face-off versus Sergei Kostitsyn in RedWings zone.
9:09 of 1st period - Shot by Pavel Datsyuk.
9:09 of 1st period - Deflect By Jordan Eberle.
9:09 of 1st period - Shot Blocked by Eric Gryba.
9:20 of 1st period - Icing by Eric Gryba.
9:21 of 1st period - Jonathan Toews wins face-off versus Andrew Cogliano in RedWings zone.
9:22 of 1st period - Shot by Matt Moulson.
9:22 of 1st period - Stopped by Thomas Greiss without a rebound.
9:23 of 1st period - Pavel Datsyuk wins face-off versus Sergei Kostitsyn in RedWings zone.
9:24 of 1st period - Shot by Joffrey Lupul.
9:24 of 1st period - Shot Misses the Net.
9:30 of 1st period - Shot by Joffrey Lupul.
9:30 of 1st period - Shot Misses the Net.
11:18 of 1st period - Off-side.
11:19 of 1st period - Eric Nystrom wins face-off versus Tyler Toffoli in neutral zone.
11:19 of 1st period - Eric Nystrom is hit by Frazer McLaren.
12:30 of 1st period - Icing by Sven Baertschi.
12:31 of 1st period - John Mitchell wins face-off versus Joe Thornton in Canadiens zone.
13:02 of 1st period - Off-side.
13:03 of 1st period - Jonathan Toews wins face-off versus Andrew Cogliano in neutral zone.
13:23 of 1st period - Shot by Jonathan Toews.
13:23 of 1st period - Goal by Jonathan Toews - Canadiens : 1 - RedWings : 0.
13:24 of 1st period - Pavel Datsyuk wins face-off versus Casey Cizikas in neutral zone.
13:36 of 1st period - Minor Penalty to Nate Thompson for Hooking.
13:37 of 1st period - Alexandre Burrows wins face-off versus Jonathan Toews in RedWings zone.
14:16 of 1st period - Shot by Matt Moulson.
14:16 of 1st period - Shot Misses the Net.
14:44 of 1st period - Shot by Jordan Eberle.
14:44 of 1st period - Deflect By Pavel Datsyuk.
14:44 of 1st period - Stopped by Thomas Greiss without a rebound.
14:45 of 1st period - Pavel Datsyuk wins face-off versus Alexandre Burrows in RedWings zone.
14:48 of 1st period - Shot by Jordan Eberle.
14:48 of 1st period - Stopped by Thomas Greiss without a rebound.
14:49 of 1st period - Pavel Datsyuk wins face-off versus Alexandre Burrows in RedWings zone.
16:03 of 1st period - Eric Nystrom is hit by Brian Campbell and loses puck.
16:08 of 1st period - Shot by Dave Bolland.
16:08 of 1st period - Shot Blocked by Brian Campbell.
16:10 of 1st period - Shot by Mike Weber.
16:10 of 1st period - Stopped by Thomas Greiss without a rebound.
16:11 of 1st period - Andrew Cogliano wins face-off versus Jonathan Toews in RedWings zone.
16:42 of 1st period - Icing by Alexandre Burrows.
16:43 of 1st period - Pavel Datsyuk wins face-off versus Andrew Cogliano in RedWings zone.
17:03 of 1st period - Eric Gryba is hit by Brooks Orpik and loses puck.
17:37 of 1st period - Keith Yandle is hit by Mark Fistric and loses puck.
17:41 of 1st period - Nate Thompson is hit by Mark Fistric and loses puck.
17:44 of 1st period - Shot by Casey Cizikas.
17:44 of 1st period - Stopped by Craig Anderson without a rebound.
17:45 of 1st period - Joe Thornton wins face-off versus Dave Bolland in Canadiens zone.
17:45 of 1st period - Joe Thornton is hit by Michal Rozsival.
17:47 of 1st period - Shot by Ray Whitney.
17:47 of 1st period - Deflect By Joe Thornton.
17:47 of 1st period - Shot Misses the Net.
17:59 of 1st period - Shot by Mason Raymond.
17:59 of 1st period - Stopped by Thomas Greiss without a rebound.
18:00 of 1st period - Jonathan Toews wins face-off versus Joe Thornton in RedWings zone.
18:58 of 1st period - Off-side.
18:59 of 1st period - Jordan Eberle wins face-off versus Sergei Kostitsyn in neutral zone.
19:16 of 1st period - Shot by Alexandre Burrows.
19:16 of 1st period - Shot Misses the Net.
19:18 of 1st period - Shot by Eric Brewer.
19:18 of 1st period - Shot Blocked by T.J. Brennan.
19:20 of 1st period - Shot by Eric Brewer.
19:20 of 1st period - Shot Blocked by Michal Rozsival.
19:22 of 1st period - Shot by Andrew Cogliano.
19:22 of 1st period - Stopped by Craig Anderson without a rebound.
19:23 of 1st period - Dave Bolland wins face-off versus Casey Cizikas in Canadiens zone.
19:23 of 1st period - Dave Bolland is hit by Nate Thompson.
19:39 of 1st period - Icing by Travis Hamonic.
19:40 of 1st period - Andrew Cogliano wins face-off versus Dave Bolland in Canadiens zone.
19:43 of 1st period - Shot by Andrew Cogliano.
19:43 of 1st period - Shot Misses the Net.
19:45 of 1st period - Shot by Alexandre Burrows.
19:45 of 1st period - Shot Blocked by Brooks Orpik.
Goals for this period are 1 for Canadiens vs 0 for RedWings.
Shots for this period are 13 for Canadiens vs 3 for RedWings.

2nd period


0:01 of 2nd period - Pavel Datsyuk wins face-off versus Joe Thornton in neutral zone.
0:22 of 2nd period - Shot by Pavel Datsyuk.
0:22 of 2nd period - Goal by Pavel Datsyuk - Canadiens : 2 - RedWings : 0.
0:23 of 2nd period - Jonathan Toews wins face-off versus Andrew Cogliano in neutral zone.
0:54 of 2nd period - Shot by Alexandre Burrows.
0:54 of 2nd period - Stopped by Craig Anderson without a rebound.
0:55 of 2nd period - Pavel Datsyuk wins face-off versus Joe Thornton in Canadiens zone.
1:28 of 2nd period - Shot by Joffrey Lupul.
1:28 of 2nd period - Shot Blocked by Joe Thornton.
1:40 of 2nd period - Shot by Joe Thornton.
1:40 of 2nd period - Shot Hit the Post.
2:22 of 2nd period - Alexandre Burrows is hit by Travis Hamonic and loses puck.
2:26 of 2nd period - Sergei Kostitsyn is hit by Brooks Orpik and loses puck.
2:37 of 2nd period - Shot by Alexandre Burrows.
2:37 of 2nd period - Goal by Alexandre Burrows - Canadiens : 2 - RedWings : 1.
2:38 of 2nd period - Dave Bolland wins face-off versus Casey Cizikas in neutral zone.
2:53 of 2nd period - Shot by Dave Bolland.
2:53 of 2nd period - Deflect By Mason Raymond.
2:53 of 2nd period - Shot Misses the Net.
2:55 of 2nd period - Shot by Mark Fistric.
2:55 of 2nd period - Stopped by Thomas Greiss without a rebound.
2:56 of 2nd period - Andrew Cogliano wins face-off versus Sven Baertschi in RedWings zone.
2:56 of 2nd period - Alexandre Burrows is hit by John Mitchell and loses puck.
3:44 of 2nd period - Andrew Cogliano is hit by Joffrey Lupul and loses puck.
4:05 of 2nd period - Shot by Joffrey Lupul.
4:05 of 2nd period - Stopped by Thomas Greiss without a rebound.
4:06 of 2nd period - Joe Thornton wins face-off versus Jonathan Toews in RedWings zone.
4:06 of 2nd period - Joe Thornton is hit by Matt Moulson.
4:07 of 2nd period - Joe Thornton from RedWings is injured at 4:07 of 2nd period (Bruised Right Shoulder).
4:08 of 2nd period - Tyler Toffoli wins face-off versus Jonathan Toews in RedWings zone.
4:10 of 2nd period - Brian Campbell is hit by Corey Perry and loses puck.
4:16 of 2nd period - Keith Yandle is hit by Travis Hamonic and loses puck.
4:26 of 2nd period - Ray Whitney is hit by Brooks Orpik and loses puck.
4:34 of 2nd period - Off-side.
4:35 of 2nd period - Pavel Datsyuk wins face-off versus Casey Cizikas in neutral zone.
4:50 of 2nd period - Shot by Nate Thompson.
4:50 of 2nd period - Shot Misses the Net.
4:52 of 2nd period - Shot by Nate Thompson.
4:52 of 2nd period - Shot Misses the Net.
4:54 of 2nd period - Shot by Eric Gryba.
4:54 of 2nd period - Stopped by Craig Anderson without a rebound.
4:55 of 2nd period - Jonathan Toews wins face-off versus Tyler Toffoli in Canadiens zone.
5:09 of 2nd period - Icing by Brooks Orpik.
5:10 of 2nd period - Jonathan Toews wins face-off versus Andrew Cogliano in Canadiens zone.
5:10 of 2nd period - Jonathan Toews is hit by Alexandre Burrows.
5:34 of 2nd period - Shot by Jonathan Toews.
5:34 of 2nd period - Shot Blocked by Eric Brewer.
5:43 of 2nd period - Off-side.
5:44 of 2nd period - Tyler Toffoli wins face-off versus Pavel Datsyuk in neutral zone.
6:36 of 2nd period - Joffrey Lupul is hit by Eric Gryba and loses puck.
7:43 of 2nd period - Shot by Dave Bolland.
7:43 of 2nd period - Stopped by Thomas Greiss without a rebound.
7:44 of 2nd period - Jonathan Toews wins face-off versus Tyler Toffoli in RedWings zone.
7:47 of 2nd period - Shot by Corey Perry.
7:47 of 2nd period - Shot Blocked by Mark Fraser.
8:14 of 2nd period - Icing by Jonathan Toews.
8:15 of 2nd period - Andrew Cogliano wins face-off versus Jonathan Toews in Canadiens zone.
8:34 of 2nd period - Matt Moulson is hit by Andrew Cogliano and loses puck.
8:45 of 2nd period - Shot by Andrew Cogliano.
8:45 of 2nd period - Stopped by Craig Anderson with a rebound.
9:15 of 2nd period - Icing by Eric Brewer.
9:16 of 2nd period - Andrew Cogliano wins face-off versus Pavel Datsyuk in RedWings zone.
9:29 of 2nd period - Shot by Pavel Datsyuk.
9:29 of 2nd period - Stopped by Thomas Greiss with a rebound.
9:54 of 2nd period - Ray Whitney is hit by Michal Rozsival and loses puck.
9:57 of 2nd period - Shot by Tyler Toffoli.
9:57 of 2nd period - Stopped by Craig Anderson with a rebound.
10:24 of 2nd period - Taylor Beck is hit by Michal Rozsival and loses puck.
11:03 of 2nd period - Shot by Alexandre Burrows.
11:03 of 2nd period - Shot Misses the Net.
11:05 of 2nd period - Shot by Sergei Kostitsyn.
11:05 of 2nd period - Shot Misses the Net.
11:07 of 2nd period - Shot by Andrew Cogliano.
11:07 of 2nd period - Shot Misses the Net.
11:09 of 2nd period - Shot by Sergei Kostitsyn.
11:09 of 2nd period - Shot Misses the Net.
11:11 of 2nd period - Shot by Brian Campbell.
11:11 of 2nd period - Stopped by Craig Anderson without a rebound.
11:12 of 2nd period - Dave Bolland wins face-off versus Tyler Toffoli in Canadiens zone.
11:24 of 2nd period - Ondrej Palat is hit by Brooks Orpik and loses puck.
11:46 of 2nd period - Shot by Ray Whitney.
11:46 of 2nd period - Shot Misses the Net.
12:08 of 2nd period - Shot by Brian Campbell.
12:08 of 2nd period - Stopped by Craig Anderson without a rebound.
12:09 of 2nd period - Casey Cizikas wins face-off versus Jonathan Toews in Canadiens zone.
12:16 of 2nd period - Shot by Nate Thompson.
12:16 of 2nd period - Shot Misses the Net.
12:24 of 2nd period - Shot by Brian Campbell.
12:24 of 2nd period - Stopped by Craig Anderson with a rebound.
12:26 of 2nd period - Shot by Brian Campbell.
12:26 of 2nd period - Stopped by Craig Anderson without a rebound.
12:27 of 2nd period - Andrew Cogliano wins face-off versus John Mitchell in Canadiens zone.
13:34 of 2nd period - Shot by Nate Thompson.
13:34 of 2nd period - Shot Misses the Net.
13:44 of 2nd period - Shot by Jared Spurgeon.
13:44 of 2nd period - Stopped by Craig Anderson without a rebound.
13:45 of 2nd period - Tyler Toffoli wins face-off versus Dave Bolland in Canadiens zone.
13:51 of 2nd period - Minor Penalty to Ondrej Palat for Holding.
13:52 of 2nd period - Nate Thompson wins face-off versus Pavel Datsyuk in RedWings zone.
14:09 of 2nd period - Shot by T.J. Brennan.
14:09 of 2nd period - Stopped by Thomas Greiss without a rebound.
14:10 of 2nd period - Jonathan Toews wins face-off versus Ray Whitney in RedWings zone.
15:38 of 2nd period - Shot by Michal Rozsival.
15:38 of 2nd period - Stopped by Thomas Greiss without a rebound.
15:39 of 2nd period - Nate Thompson wins face-off versus Pavel Datsyuk in RedWings zone.
15:52 of 2nd period - Shot by Dave Bolland.
15:52 of 2nd period - Goal by Dave Bolland - Canadiens : 3 - RedWings : 1.
15:53 of 2nd period - Dave Bolland wins face-off versus Tyler Toffoli in neutral zone.
16:09 of 2nd period - Shot by Dave Bolland.
16:09 of 2nd period - Shot Blocked by Chris Summers.
16:34 of 2nd period - Dave Bolland is hit by Frazer McLaren.
17:06 of 2nd period - Icing by Andrew Cogliano.
17:07 of 2nd period - Jordan Eberle wins face-off versus Andrew Cogliano in RedWings zone.
17:11 of 2nd period - Minor Penalty to Keith Yandle for Hooking.
17:12 of 2nd period - Nate Thompson wins face-off versus Matt Moulson in RedWings zone.
17:12 of 2nd period - Nate Thompson is hit by Corey Perry.
17:36 of 2nd period - Shot by Matt Moulson.
17:36 of 2nd period - Stopped by Thomas Greiss with a rebound.
17:55 of 2nd period - Off-side.
17:56 of 2nd period - Pavel Datsyuk wins face-off versus Nate Thompson in neutral zone.
18:17 of 2nd period - Shot by Travis Hamonic.
18:17 of 2nd period - Shot Misses the Net.
18:39 of 2nd period - Shot by Pavel Datsyuk.
18:39 of 2nd period - Shot Misses the Net.
18:41 of 2nd period - Shot by Pavel Datsyuk.
18:41 of 2nd period - Shot Misses the Net.
18:54 of 2nd period - T.J. Brennan is hit by Frazer McLaren and loses puck.
19:37 of 2nd period - Shot by Tyler Toffoli.
19:37 of 2nd period - Stopped by Craig Anderson without a rebound.
19:38 of 2nd period - John Mitchell wins face-off versus Andrew Cogliano in Canadiens zone.
19:45 of 2nd period - Shot by Taylor Pyatt.
19:45 of 2nd period - Stopped by Thomas Greiss with a rebound.
Goals for this period are 2 for Canadiens vs 1 for RedWings.
Shots for this period are 10 for Canadiens vs 11 for RedWings.

3rd period


0:01 of 3rd period - Pavel Datsyuk wins face-off versus Tyler Toffoli in neutral zone.
0:23 of 3rd period - Shot by Ray Whitney.
0:23 of 3rd period - Shot Misses the Net.
0:25 of 3rd period - Shot by Ray Whitney.
0:25 of 3rd period - Shot Misses the Net.
0:27 of 3rd period - Shot by Ray Whitney.
0:27 of 3rd period - Shot Misses the Net.
0:59 of 3rd period - Shot by Andrew Cogliano.
0:59 of 3rd period - Deflect By Alexandre Burrows.
0:59 of 3rd period - Shot Blocked by Michal Rozsival.
1:01 of 3rd period - Shot by Sergei Kostitsyn.
1:01 of 3rd period - Stopped by Craig Anderson without a rebound.
1:02 of 3rd period - Casey Cizikas wins face-off versus Jonathan Toews in Canadiens zone.
1:10 of 3rd period - Icing by Jonathan Toews.
1:11 of 3rd period - Andrew Cogliano wins face-off versus Jonathan Toews in Canadiens zone.
1:16 of 3rd period - Shot by Andrew Cogliano.
1:16 of 3rd period - Shot Misses the Net.
1:18 of 3rd period - Shot by Alexandre Burrows.
1:18 of 3rd period - Shot Misses the Net.
2:05 of 3rd period - Mark Fistric is hit by Alexandre Burrows and loses puck.
2:51 of 3rd period - Minor Penalty to Eric Nystrom for Roughing.
2:52 of 3rd period - Jonathan Toews wins face-off versus Casey Cizikas in Canadiens zone.
3:08 of 3rd period - Shot by Casey Cizikas.
3:08 of 3rd period - Shot Misses the Net.
3:10 of 3rd period - Shot by Brian Campbell.
3:10 of 3rd period - Shot Misses the Net.
3:12 of 3rd period - Shot by Ray Whitney.
3:12 of 3rd period - Shot Blocked by Michal Rozsival.
3:14 of 3rd period - Shot by Ray Whitney.
3:14 of 3rd period - Shot Misses the Net.
3:16 of 3rd period - Shot by Casey Cizikas.
3:16 of 3rd period - Shot Blocked by Mike Weber.
3:18 of 3rd period - Shot by Nate Thompson.
3:18 of 3rd period - Shot Misses the Net.
3:54 of 3rd period - Eric Brewer is hit by Brooks Orpik.
3:55 of 3rd period - Icing by Eric Brewer.
3:56 of 3rd period - Casey Cizikas wins face-off versus Jonathan Toews in RedWings zone.
4:54 of 3rd period - Icing by Eric Gryba.
4:55 of 3rd period - Tyler Toffoli wins face-off versus Taylor Pyatt in RedWings zone.
4:57 of 3rd period - Icing by Chris Summers.
4:58 of 3rd period - Tyler Toffoli wins face-off versus John Mitchell in RedWings zone.
5:43 of 3rd period - Ondrej Palat is hit by John Mitchell and loses puck.
6:28 of 3rd period - Sergei Kostitsyn is hit by T.J. Brennan and loses puck.
6:48 of 3rd period - Icing by T.J. Brennan.
6:49 of 3rd period - Dave Bolland wins face-off versus Casey Cizikas in Canadiens zone.
8:01 of 3rd period - Shot by Ray Whitney.
8:01 of 3rd period - Shot Misses the Net.
9:10 of 3rd period - Shot by Pavel Datsyuk.
9:10 of 3rd period - Stopped by Thomas Greiss with a rebound.
9:20 of 3rd period - Sven Baertschi is hit by Andrew Cogliano and loses puck.
9:32 of 3rd period - Shot by Sven Baertschi.
9:32 of 3rd period - Deflect By Taylor Pyatt.
9:32 of 3rd period - Shot Misses the Net.
9:40 of 3rd period - Shot by Sven Baertschi.
9:40 of 3rd period - Shot Misses the Net.
9:42 of 3rd period - Shot by John Mitchell.
9:42 of 3rd period - Shot Misses the Net.
10:00 of 3rd period - Shot by Mason Raymond.
10:00 of 3rd period - Shot Blocked by Alexandre Burrows.
10:02 of 3rd period - Shot by Travis Hamonic.
10:02 of 3rd period - Shot Misses the Net.
10:04 of 3rd period - Shot by Travis Hamonic.
10:04 of 3rd period - Shot Misses the Net.
10:06 of 3rd period - Shot by Dave Bolland.
10:06 of 3rd period - Stopped by Thomas Greiss with a rebound.
10:07 of 3rd period - Minor Penalty to Eric Gryba for Slashing.
10:08 of 3rd period - Nate Thompson wins face-off versus Pavel Datsyuk in RedWings zone.
10:23 of 3rd period - Shot by Keith Yandle.
10:23 of 3rd period - Stopped by Craig Anderson without a rebound.
10:24 of 3rd period - Jonathan Toews wins face-off versus Nate Thompson in Canadiens zone.
10:39 of 3rd period - Corey Perry is hit by Jared Spurgeon and loses puck.
10:52 of 3rd period - Shot by Corey Perry.
10:52 of 3rd period - Stopped by Thomas Greiss without a rebound.
10:53 of 3rd period - Nate Thompson wins face-off versus Pavel Datsyuk in RedWings zone.
11:14 of 3rd period - Shot by Nate Thompson.
11:14 of 3rd period - Shot Misses the Net.
11:48 of 3rd period - Shot by Corey Perry.
11:48 of 3rd period - Stopped by Thomas Greiss without a rebound.
11:49 of 3rd period - Jonathan Toews wins face-off versus Nate Thompson in RedWings zone.
12:06 of 3rd period - Shot by Jonathan Toews.
12:06 of 3rd period - Stopped by Thomas Greiss without a rebound.
12:07 of 3rd period - Dave Bolland wins face-off versus Tyler Toffoli in RedWings zone.
12:32 of 3rd period - Shot by Tyler Toffoli.
12:32 of 3rd period - Stopped by Craig Anderson without a rebound.
12:33 of 3rd period - Andrew Cogliano wins face-off versus Pavel Datsyuk in Canadiens zone.
12:38 of 3rd period - Shot by Andrew Cogliano.
12:38 of 3rd period - Stopped by Craig Anderson with a rebound.
12:44 of 3rd period - Eric Brewer is hit by Joffrey Lupul and loses puck.
13:16 of 3rd period - Shot by Jordan Eberle.
13:16 of 3rd period - Stopped by Thomas Greiss without a rebound.
13:17 of 3rd period - Tyler Toffoli wins face-off versus Jonathan Toews in RedWings zone.
13:52 of 3rd period - Off-side.
13:53 of 3rd period - Dave Bolland wins face-off versus Casey Cizikas in neutral zone.
14:26 of 3rd period - Icing by Eric Gryba.
14:27 of 3rd period - Pavel Datsyuk wins face-off versus Casey Cizikas in RedWings zone.
14:28 of 3rd period - Shot by Travis Hamonic.
14:28 of 3rd period - Shot Misses the Net.
14:46 of 3rd period - Shot by Pavel Datsyuk.
14:46 of 3rd period - Shot Misses the Net.
15:03 of 3rd period - Shot by Joffrey Lupul.
15:03 of 3rd period - Deflect By Pavel Datsyuk.
15:03 of 3rd period - Stopped by Thomas Greiss without a rebound.
15:04 of 3rd period - Ondrej Palat wins face-off versus Jonathan Toews in RedWings zone.
15:31 of 3rd period - Ray Whitney is hit by T.J. Brennan and loses puck.
15:35 of 3rd period - Icing by Matt Moulson.
15:36 of 3rd period - Jonathan Toews wins face-off versus Andrew Cogliano in Canadiens zone.
15:36 of 3rd period - Jonathan Toews is hit by Alexandre Burrows.
15:48 of 3rd period - Shot by Corey Perry.
15:48 of 3rd period - Shot Misses the Net.
15:50 of 3rd period - Shot by Michal Rozsival.
15:50 of 3rd period - Stopped by Thomas Greiss without a rebound.
15:51 of 3rd period - Tyler Toffoli wins face-off versus Pavel Datsyuk in RedWings zone.
16:15 of 3rd period - Shot by Ray Whitney.
16:15 of 3rd period - Stopped by Craig Anderson without a rebound.
16:16 of 3rd period - John Mitchell wins face-off versus Sergei Kostitsyn in Canadiens zone.
17:34 of 3rd period - Shot by Ray Whitney.
17:34 of 3rd period - Shot Blocked by Brooks Orpik.
17:36 of 3rd period - Shot by Ray Whitney.
17:36 of 3rd period - Shot Blocked by Travis Hamonic.
17:44 of 3rd period - Shot by Brian Campbell.
17:44 of 3rd period - Shot Misses the Net.
17:46 of 3rd period - Shot by Brian Campbell.
17:46 of 3rd period - Stopped by Craig Anderson without a rebound.
17:47 of 3rd period - Casey Cizikas wins face-off versus Corey Perry in Canadiens zone.
18:08 of 3rd period - Icing by Chris Summers.
18:09 of 3rd period - Dave Bolland wins face-off versus Nate Thompson in RedWings zone.
19:07 of 3rd period - Shot by Joffrey Lupul.
19:07 of 3rd period - Shot Misses the Net.
19:09 of 3rd period - Shot by Michal Rozsival.
19:09 of 3rd period - Shot Misses the Net.
19:11 of 3rd period - Shot by Joffrey Lupul.
19:11 of 3rd period - Shot Misses the Net.
19:13 of 3rd period - Shot by Pavel Datsyuk.
19:13 of 3rd period - Stopped by Thomas Greiss without a rebound.
19:14 of 3rd period - Tyler Toffoli wins face-off versus Jonathan Toews in RedWings zone.
19:47 of 3rd period - Shot by Ray Whitney.
19:47 of 3rd period - Shot Blocked by Travis Hamonic.
Goals for this period are 0 for Canadiens vs 0 for RedWings.
Shots for this period are 9 for Canadiens vs 6 for RedWings.


Output by the SimonT Hockey Simulator (STHS) for Stephane Roy -- Original Page W3C XHTML 1.0 Valid
Hockey Simulator - Hockey Simulation - Hockey Manager